 Dungeon Crawl Stone Soup version 0.28.0-62-gf88900778d (webtiles) character file.

Game seed: 2490991868137711193

85 Coron the Sneak (level 4, -2/42 HPs)
             Began as a Deep Dwarf Delver on Mar 30, 2023.
             Was an Initiate of Elyvilon.
             Slain by a gnoll
             ... wielding a +0 spear
              (7 damage)
             ... on level 3 of the Dungeon.
             The game lasted 00:08:55 (2061 turns).

Coron the Sneak (Deep Dwarf Delver)                 Turns: 2061, Time: 00:08:57

Health: -2/42      AC:  5    Str: 17    XL:     4   Next: 25%
Magic:  4/4        EV: 12    Int: 11    God:    Elyvilon [......]
Gold:   113        SH:  0    Dex: 14    Spells: 3/3 levels left

rFire   . . .      SeeInvis .   a - +0 hand axe
rCold   . . .      Faith    .   (no shield)
rNeg    . . .      Spirit   .   b - +0 leather armour
rPois   .          Reflect  .   p - +0 helmet
rElec   .          Harm     .   (no cloak)
rCorr   .          Rampage  .   (no gloves)
Will    .....                   s - +0 pair of boots
Stlth   +.........              (no amulet)
HPRegen 0.00/turn               (no ring)
MPRegen 0.09/turn               (no ring)

@: lit by a corona, glowing
A: damage resistance, heal wounds, sense surroundings 1, no regeneration
a: Heal Wounds, Renounce Religion


You were on level 3 of the Dungeon.
You worshipped Elyvilon.
Elyvilon was noncommittal.
You visited 1 branch of the dungeon, and saw 5 of its levels.

You collected 113 gold pieces.

Inventory:

Hand Weapons
 a - a +0 hand axe (weapon)
 n - a +0 hunting sling
Missiles
 i - 98 stones
 j - 21 sling bullets
 v - 6 curare-tipped darts
Armour
 b - a +0 leather armour (worn)
 p - a +0 helmet (worn)
 s - a +0 pair of boots (worn)
Wands
 g - a wand of digging (3)
 t - a wand of paralysis (9)
Scrolls
 c - 3 scrolls of fog
 d - 3 scrolls of magic mapping
 e - a scroll of fear
 m - a scroll of immolation {unknown}
 q - a scroll of brand weapon {unknown}
 r - a scroll of silence {unknown}
Potions
 f - 4 potions of haste
 k - 2 potions of mutation
 l - a potion of invisibility {unknown}
 u - a potion of curing {unknown}


   Skills:
 - Level 3.0 Fighting
 - Level 4.0 Axes
 + Level 2.4 Armour
 - Level 2.1 Dodging
 - Level 6.0 Stealth


You had 3 spell levels left.
You didn't know any spells.
Your spell library was empty.

Dungeon Overview and Level Annotations

Branches:
Dungeon (5/15)
 Temple: D:4-7

Altars:
Elyvilon

Shops:
D:1 !


Innate Abilities, Weirdness & Mutations

You are resistant to damage.
You can heal yourself by infusing magical energy.
You passively map a small area around you.
You do not regenerate.


Message History

* * * LOW HITPOINT WARNING * * *
The gnoll barely misses you. The gnoll hits you with a +0 spear. x2
* * * LOW HITPOINT WARNING * * *
The gnoll closely misses you.
The gnoll shaman hits you with a +0 whip.
* * * LOW HITPOINT WARNING * * *
Unknown command.
You feel much better. The gnoll completely misses you.
The gnoll hits you with a +0 spear. The gnoll misses you.
The gnoll barely misses you.
The gnoll shaman calls down the wrath of its god upon you.
You are outlined in light.
Unknown command.
You feel much better. The gnoll hits you with a +0 spear.
The gnoll barely misses you. x2; The gnoll hits you with a +0 spear.
The gnoll shaman hits you with a +0 whip.
The gnoll hits you with a +0 halberd.
You hit the gnoll but do no damage.
The gnoll is lightly wounded.
You hit the gnoll shaman. You hit the gnoll.
You hit the gnoll but do no damage. You closely miss the gnoll.
The gnoll barely misses you. x2; The gnoll hits you with a +0 spear!
The gnoll barely misses you.
The gnoll shaman hits you but does no damage.
You hit the gnoll.
The gnoll is heavily wounded.
You hit the gnoll. You barely miss the gnoll. You completely miss the gnoll.
You completely miss the gnoll shaman. The gnoll hits you with a +0 spear.
The gnoll misses you. The gnoll hits you but does no damage.
The gnoll misses you.
The gnoll shaman hits you with a +0 whip!
The gnoll hits you with a +0 halberd.
* * * LOW HITPOINT WARNING * * *
You fail to use your ability.
The gnoll hits you with a +0 spear. x2
* * * LOW HITPOINT WARNING * * *
The gnoll barely misses you.
The gnoll shaman hits you with a +0 whip.
* * * LOW HITPOINT WARNING * * *
The gnoll barely misses you. The gnoll hits you with a +0 spear!
You die...

* ###..##................# #.#
#....#...............# ##.#
###.....†............###..#
#####.................#....# *
...##.............#####.##.# .
....###...........##...†##.## .
......#..............#####.#. #*
......#....g.......### ###... # *
#.......g@K.......###....# #
#..#....ggg.............## #
##.......r.....###.###.###
############.....................
.>..........(...............#.###
.###########((###.....###..##.###
....# ####...####..#..###..#.##.
###.####....#..##...##.# ##...##.
#......#####.#.....#.# #..##.


You could see a gnoll shaman, 4 gnolls, a quokka and a kobold.

Vanquished Creatures
  3 adders
  2 worms (D:2)
  A dart slug (D:2)
  3 ball pythons (D:2)
  5 endoplasms
  2 giant cockroaches
  7 hobgoblins
  3 quokkas
  2 bats
  2 frilled lizards (D:2)
  6 goblins
  6 kobolds
  7 rats
49 creatures vanquished.

Vanquished Creatures (others)
  2 plants (D:1)
2 creatures vanquished.

Grand Total: 51 creatures vanquished

Notes
Turn   | Place    | Note
-------+----------+-------------------------------------------
     0 | D:5      | Coron the Deep Dwarf Delver began the quest for the Orb.
     0 | D:5      | Reached XP level 1. HP: 20/20 MP: 1/1
    49 | D:5      | Noticed an ogre
    55 | D:5      | Noticed an iguana
    84 | D:5      | Noticed a phantom
    84 | D:5      | Noticed a phantom
   108 | D:5      | Noticed a water moccasin
   153 | D:4      | Noticed an iguana
   165 | D:3      | Reached skill level 1 in Armour
   165 | D:3      | Reached XP level 2. HP: 23/28 MP: 2/2
   453 | D:1      | Reached XP level 3. HP: 34/34 MP: 3/3
   654 | D:1      | Found Fenitra's Distillery.
   829 | D:1      | Found a faded altar of an unknown god.
  1400 | D:2      | Reached XP level 4. HP: 41/42 MP: 4/4
  1661 | D:2      | Found a white marble altar of Elyvilon.
  1673 | D:2      | Became a worshipper of Elyvilon the Healer
  2028 | D:3      | Noticed a scorpion
  2056 | D:3      | HP: 1/42 [gnoll shaman/+0 whip (4)]
  2061 | D:3      | Slain by a gnoll

Illustrated notes

Levels and vault maps discovered:
D:1:      lightli_arrival_lavapool, layout_loops_ring, serial_shops, shop,
          basic_ecumenical_altar, corexii_item_surrounded_by_moat,
          kennysheep_minor_cross, serial_bayou_crossing
D:2:      layout_loops_ring, basic_altar, minmay_tripent
D:3:      layout_rooms, kennysheep_slug_shrine
D:4:      layout_loops_ring, kennysheep_mini,
          nzn_overflow_gifts_of_might_and_magic
D:5:      layout_basic, gammafunk_temple_overflow_statue, minivault_14

Skill      XL: |  1  2  3  4 |
---------------+-------------+-----
Fighting       | 3 |  3.0
Armour         | 1 2 |  2.4
Axes           | 3 4 |  4.0
Dodging        | |  2.1
Stealth        | |  6.0

Action                   |  1- 3 |  4- 6 || total
-------------------------+-------+-------++-------
Melee: Hand axe          |   102 |    39 ||   141
       Punch             |     3 |       ||     3
 Fire: Hunting sling     |    14 |    10 ||    24
 Abil: Heal Wounds       |     2 |     2 ||     4
  Use: Scroll            |       |     2 ||     2
 Stab: Sleeping          |     8 |     4 ||    12
Armor: Leather armour    |    16 |    10 ||    26
Dodge: Dodged            |    71 |    38 ||   109
